[Event "Late-Titled-Tuesday-Blitz-May-14-2024"]
[Site "Chess.com"]
[Date "2024.05.14"]
[Round "2"]
[White "mostafa_sakha"]
[Black "Hamisandwich"]
[Result "0-1"]
[WhiteElo "2352"]
[BlackElo "2730"]
[TimeControl "180+1"]
[EndTime "14:17:25 PDT"]
[Termination "Hamisandwich won by resignation"]

1. d4 e6 2. c4 b6 3. e4 Bb4+ 4. Bd2 Bxd2+ 5. Qxd2 Ne7 6. Nc3 d5 7. cxd5 exd5 8. e5 O-O 9. Bd3 c5 10. Nf3 Nbc6 11. O-O Bg4 12. Ng5 h6 13. Nh7 Nxd4 14. Nxf8 Qxf8 15. f4 Rd8 16. Rae1 Qe8 17. h3 Bf5 18.
Bxf5 Nexf5 19. Kh2 b5 20. b4 cxb4 21. Ne2 Nxe2 22.
Rxe2 a5 23. Rc1 d4 24. Qd3 Ne3 25. Rc5 Nc4 26. Re4 Qd7 27. g4 Nb2 28. Qd2 d3 29. f5 Nc4 30. Qd1 d2 31. e6 Qd6+ 0-1

[Event "Late-Titled-Tuesday-Blitz-May-14-2024"]
[Site "Chess.com"]
[Date "2024.05.14"]
[Round "2"]
[White "Godzillator"]
[Black "Magicmaster17"]
[Result "0-1"]
[WhiteElo "2422"]
[BlackElo "2892"]
[TimeControl "180+1"]
[EndTime "14:17:26 PDT"]
[Termination "Magicmaster17 won on time"]

1. c3 e5 2. d4 Nc6 3. dxe5 Nxe5 4. Nf3 d6 5. Nbd2 Nf6 6. g3 g6 7. Bg2 Bg7 8. O-O O-O 9. b3 Qe7 10. Bb2 d5 11. Nxe5 Qxe5 12. e3 Bf5 13. Qc1 Nd7 14.
Nf3 Qe7 15. Nd4 Be4 16. c4 c5 17. Nf3 Nf6 18. cxd5 Bxd5 19. Nd2 Rfd8 20. Bxd5 Rxd5 21. Qc2 Rad8 22. Rad1 Qd7 23. Bc3 Nh5 24. e4 Rd3 25.
e5 Bh6 26. f4 Qg4 27. Nf3 Nxf4 28. Rxd3 Rxd3 29. e6 Rxc3 30. exf7+ Kf8 31. Qd1 Rd3 32. Qc2 b6 33. Ne5 Qe2 0-1

[Event "Late-Titled-Tuesday-Blitz-May-14-2024"]
[Site "Chess.com"]
[Date "2024.05.14"]
[Round "2"]
[White "MusicCityMaster"]
[Black "MikeSailer"]
[Result "1-0"]
[WhiteElo "2443"]
[BlackElo "2061"]
[TimeControl "180+1"]
[EndTime "14:17:27 PDT"]
[Termination "MusicCityMaster won by checkmate"]

1. d4 d5 2. c4 c6 3. Nf3 Nf6 4. e3 a6 5. Bd3 b5 6. b3 Bg4 7.
O-O e6 8. Nbd2 Bd6 9. Bb2 Nbd7 10. Qc2 O-O 11. Ne5 Qc7 12. Nxg4 Nxg4 13. Bxh7+ Kh8 14.
h3 Ndf6 15. hxg4 Nxh7 16. g3 Bxg3 17. Kg2 Bd6 18. Rh1 g6 19. Nf3 Kg7 20. e4 Bf4 21.
cxd5 cxd5 22. Qxc7 Bxc7 23. e5 Rac8 24. Bc1 Rfd8 25.
Bh6+ Kg8 26. Rh3 f5 27. gxf5 gxf5 28. Rah1 Kf7 29. Bg5 Nxg5 30. Nxg5+ Ke7 31. Rh7+ Ke8 32. Rg7 Bxe5 33. Rh8# 1-0

[Event "Late-Titled-Tuesday-Blitz-May-14-2024"]
[Site "Chess.com"]
[Date "2024.05.14"]
[Round "2"]
[White "Hakiki_satranc"]
[Black "Bastiandash"]
[Result "0-1"]
[WhiteElo "2418"]
[BlackElo "2701"]
[TimeControl "180+1"]
[EndTime "14:17:28 PDT"]
[Termination "Bastiandash won by checkmate"]

1. d4 Nf6 2. c4 e6 3. Nf3 b6 4. a3 Bb7 5. Nc3 d5 6. cxd5 exd5 7. Bg5 Be7 8. e3 O-O 9. Bxf6 Bxf6 10. Be2 Nd7 11. O-O a6 12. Rc1 Qe7 13. Re1 Rfd8 14. Bd3 c5 15. Bb1 g6 16. h3 Rac8 17. Ba2 c4 18. Bb1 b5 19. e4 dxe4 20. Nxe4 Qf8 21. Nxf6+ Nxf6 22. Ne5 Rd5 23. Qf3 Kg7 24. Qe3 Rcd8 25.
Be4 Rxe5 26. dxe5 Nxe4 27. Rcd1 Rxd1 28. Rxd1 Nc5 29. Rd6 Qc8 30. Qd4 Ne6 31. Qc3 Qc5 32. g3 a5 33. Qe1 b4 34. axb4 axb4 35. Rd7 Qc6 36. Rxb7 Qxb7 37. Qe3 Qd5 38. Kh2 Qd4 39. Qf3 Qxe5 40. Qg2 Nd4 41. Qf1 Qe2 42. Kh1 Qxf1+ 43. Kh2 Nf3# 0-1

[Event "Late-Titled-Tuesday-Blitz-May-14-2024"]
[Site "Chess.com"]
[Date "2024.05.14"]
[Round "2"]
[White "LUISMIGUELOV"]
[Black "zverr1"]
[Result "1-0"]
[WhiteElo "2237"]
[BlackElo "2478"]
[TimeControl "180+1"]
[EndTime "14:17:28 PDT"]
[Termination "LUISMIGUELOV won by resignation"]

1. d4 Nf6 2. c3 d5 3. Bg5 Ne4 4.
h4 c5 5. e3 Qb6 6. Qb3 c4 7.
Qxb6 axb6 8. Nd2 Nxg5 9. hxg5 Bf5 10. f4 b5 11. a3 Nc6 12. Rc1 e6 13. Ngf3 Bd6 14. Nh4 O-O 15. Nxf5 exf5 16. g3 Rfe8 17. Kf2 Rad8 18. Bg2 Bc7 19. Nf3 Re6 20. Ne5 Ne7 21. Rh2 f6 22. gxf6 Rxf6 23. Rch1 h6 24. Bf3 Rdd6 25. g4 fxg4 26. Nxg4 Rf8 27. Rg2 Kh7 28. Bd1 Nf5 29. Bc2 Kh8 30. Ne5 Kg8 31. Ng6 Rxg6 32. Rxg6 Ne7 33. Rg2 Kf7 34. Rhg1 g5 35. fxg5 Ke6+ 36.
Ke2 hxg5 37. Rxg5 Rh8 38. R5g2 Rh3 39. e4 Bf4 40. exd5+ Nxd5 41. Rg6+ Kd7 42. Bf5+ 1-0

[Event "Late-Titled-Tuesday-Blitz-May-14-2024"]
[Site "Chess.com"]
[Date "2024.05.14"]
[Round "2"]
[White "penguingm1"]
[Black "Defend1r"]
[Result "1-0"]
[WhiteElo "2849"]
[BlackElo "2576"]
[TimeControl "180+1"]
[EndTime "14:17:29 PDT"]
[Termination "penguingm1 won by checkmate"]

1. d4 Nf6 2. c4 e6 3. Nc3 Bb4 4.
Qc2 d6 5. Nf3 O-O 6. g3 b6 7.
Bg2 Bb7 8. O-O c5 9. Rd1 Qe7 10. b3 Nbd7 11. Bb2 Bxc3 12. Qxc3 Ne4 13. Qe3 f5 14. Ng5 Ndf6 15. Nh3 cxd4 16. Qxd4 e5 17.
Qd3 Rad8 18. f3 Nc5 19. Qxf5 e4 20. Qg5 exf3 21. exf3 Rde8 22. Qd2 Qe2 23. Nf4 Qxd2 24. Rxd2 g5 25. Ne2 d5 26. Bxf6 Rxf6 27. cxd5 Rd6 28.
Nc3 a6 29. Ne4 Nxe4 30. fxe4 Re5 31. Rc1 Re7 32. Rf2 Kg7 33. h4 h6 34. hxg5 hxg5 35. Rf5 Rg6 36. Kf2 Rd7 37. Ke3 g4 38. Kd4 Kh6 39. e5 Rg8 40. Be4 Rgd8 41. Rh1+ Kg7 42. Rg5+ Kf8 43. e6 Rd6 44. Rh8+ Ke7 45. Rh7+ Kf8 46. Rf7+ Ke8 47. Rg8# 1-0

[Event "Late-Titled-Tuesday-Blitz-May-14-2024"]
[Site "Chess.com"]
[Date "2024.05.14"]
[Round "2"]
[White "Abund"]
[Black "subham777"]
[Result "1-0"]
[WhiteElo "2785"]
[BlackElo "2551"]
[TimeControl "180+1"]
[EndTime "14:17:29 PDT"]
[Termination "Abund won by resignation"]

1. Nf3 d5 2. b3 Nf6 3. Bb2 e6 4. e3 Be7 5. c4 O-O 6. Be2 c5 7. O-O Nc6 8. d4 cxd4 9. Nxd4 Bd7 10.
Nd2 Nxd4 11. Bxd4 Bc6 12. Qc1 Rc8 13. Qb2 b6 14. Rfd1 Bc5 15. Bc3 Qe7 16. b4 Bd6 17.
cxd5 Bxd5 18. e4 Nxe4 19. Nxe4 Bxe4 20. f3 Ba8 21. Bxg7 Bxb4 22. Bxf8 Rxf8 23. Kh1 Bc5 24. Qe5 f6 25. Qg3+ Kh8 26. Rac1 Rg8 27. Qh3 e5 28. Rd7 1-0

[Event "Late-Titled-Tuesday-Blitz-May-14-2024"]
[Site "Chess.com"]
[Date "2024.05.14"]
[Round "2"]
[White "FuenfgegenWilly"]
[Black "klifus"]
[Result "1-0"]
[WhiteElo "2457"]
[BlackElo "2135"]
[TimeControl "180+1"]
[EndTime "14:17:31 PDT"]
[Termination "FuenfgegenWilly won by resignation"]

1. b3 e5 2. Bb2 Nc6 3. e3 d5 4.
Bb5 Bd6 5. f4 Qe7 6. Nf3 Bg4 7.
fxe5 Bxe5 8. Bxe5 Bxf3 9. Qxf3 Qxe5 10. Nc3 Nf6 11. O-O O-O-O 12. Bxc6 bxc6 13. Na4 Rhe8 14. Qe2 Qd6 15. Qa6+ Kb8 16. b4 Ka8 17. Nc5 Rb8 18. Rab1 Rb6 19. Qa4 Nd7 20. d4 f6 21. Rb3 h5 22.
Ra3 a6 23. Nxa6 Kb7 24. Nc5+ Kc8 25. Qa8+ Rb8 26. Qa6+ Kd8 27. Nb7+ Rxb7 28. Qxb7 Re4 29. Ra8+ Ke7 30. Qc8 Kf7 31. Qg8+ Kg6 32. Rf3 Rg4 33. Qe8+ Kh6 34. Rh3 Rg5 35. Qh8+ Kg6 36. Rg8 Qe7 37. Re8 Qf7 38. Qg8 Qxg8 39. Rxg8 Nb6 40. Rg3 Rxg3 41.
hxg3 Nc4 42. a4 Nxe3 43. a5 Nxc2 44. Rb8 Nxd4 45. a6 Nb5 46. Rxb5 cxb5 47. a7 d4 48. a8=Q d3 49. Qe4+ 1-0

[Event "Late-Titled-Tuesday-Blitz-May-14-2024"]
[Site "Chess.com"]
[Date "2024.05.14"]
[Round "2"]
[White "mitrabhaa"]
[Black "Malev212"]
[Result "1-0"]
[WhiteElo "2916"]
[BlackElo "2622"]
[TimeControl "180+1"]
[EndTime "14:17:33 PDT"]
[Termination "mitrabhaa won on time"]

1. Nf3 c5 2. c3 g6 3. d4 Bg7 4. dxc5 Na6 5. Be3 Nf6 6. h3 O-O 7. Nbd2 Qc7 8. Nb3 Rd8 9. g3 b6 10. cxb6 axb6 11. Bg2 Bb7 12. O-O e5 13. Bg5 h6 14.
Bxf6 Bxf6 15. Qd2 Bg7 16. h4 d5 17. h5 g5 18. Nh2 f5 19. a3 Qc4 20. Nc1 Nc5 21.
Qc2 e4 22. e3 Rac8 23. Qe2 Na4 24. Rb1 Qxe2 25. Nxe2 Ba6 26. Rfe1 Bd3 27. Bf1 Bxb1 28. Rxb1 Nc5 29. g4 f4 30. exf4 Nd3 31. fxg5 hxg5 32.
f3 Rf8 33. Ng3 Be5 34. Nf5 Kh7 35. Bxd3 exd3 36. Rd1 Bxh2+ 37. Kxh2 Rce8 38. Nd4 Re3 39. Kg3 Rfe8 40. a4 R8e5 41. b3 Re1 42. Rxd3 Rg1+ 43. Kf2 Rc1 44. b4 1-0

[Event "Late-Titled-Tuesday-Blitz-May-14-2024"]
[Site "Chess.com"]
[Date "2024.05.14"]
[Round "2"]
[White "zajka-molotok"]
[Black "el_sporco"]
[Result "1-0"]
[WhiteElo "2556"]
[BlackElo "2364"]
[TimeControl "180+1"]
[EndTime "14:17:33 PDT"]
[Termination "zajka-molotok won by resignation"]

1. b3 e5 2. Bb2 Nc6 3. e3 Nf6 4. Nf3 Bd6 5. d4 exd4 6. Nxd4 O-O 7. Bd3 Nxd4 8. Bxd4 c6 9. Qf3 Qa5+ 10. Nd2 Be5 11. O-O Bxd4 12. Nc4 Qc7 13. exd4 d5 14.
Ne5 c5 15. c3 Be6 16. Qg3 Rac8 17. Rfe1 Rfe8 18. Qh4 Qa5 19. dxc5 Qxc5 20. Rac1 Red8 21. Qd4 Qa5 22. a4 Rc7 23. Bb5 Rdc8 24. b4 Qb6 25. Qd3 d4 26. c4 Qd6 27. c5 Qd8 28. Bc4 Bxc4 29. Nxc4 Re7 30. Nd6 Rcc7 31. Qxd4 Rxe1+ 32. Rxe1 Re7 33. Rxe7 Qxe7 34. g3 h6 35. Kg2 Qd7 36.
b5 a6 37. h3 axb5 38. axb5 Ne8 39. Qd5 Nf6 40. Qxb7 Qe6 41. Qc8+ 1-0

[Event "Late-Titled-Tuesday-Blitz-May-14-2024"]
[Site "Chess.com"]
[Date "2024.05.14"]
[Round "2"]
[White "protectiago"]
[Black "Eliwood44"]
[Result "0-1"]
[WhiteElo "2067"]
[BlackElo "2447"]
[TimeControl "180+1"]
[EndTime "14:17:33 PDT"]
[Termination "Eliwood44 won by resignation"]

1. d4 Nf6 2. c4 e6 3. g3 d5 4.
Nf3 Bb4+ 5. Bd2 Be7 6. Bg2 O-O 7. O-O c6 8. Qc2 b6 9. Bf4 Nbd7 10. Nbd2 Nh5 11.
Ne5 Nxe5 12. dxe5 Bb7 13. Nf3 Rc8 14. Rad1 Qc7 15. Bc1 Rfd8 16. g4 Nf6 17. exf6 Bxf6 18. Bg5 Bxg5 19. Nxg5 g6 20. cxd5 exd5 21. e3 Qe5 22.
Nf3 Qe6 23. h3 c5 24. b3 Qf6 25. Ne1 Ba6 26. Nd3 Kg7 27. Rfe1 c4 28. Nf4 cxb3 29.
Qxb3 Bc4 30. Qa3 d4 31. Qxa7 d3 32. Qa3 d2 33. Re2 Bxe2 34. Nxe2 Rc2 35. Qb3 Rdc8 36.
Nd4 Rc1 37. Kh2 Rxd1 38. Qxd1 Qe5+ 39. f4 Qxe3 40. Nf3 Qxf4+ 41. Kg1 Rc1 0-1

[Event "Late-Titled-Tuesday-Blitz-May-14-2024"]
[Site "Chess.com"]
[Date "2024.05.14"]
[Round "2"]
[White "MarcoRiehle"]
[Black "yaguigor"]
[Result "1-0"]
[WhiteElo "2791"]
[BlackElo "2555"]
[TimeControl "180+1"]
[EndTime "14:17:34 PDT"]
[Termination "MarcoRiehle won by resignation"]

1. e4 c5 2. a3 g6 3. h4 h5 4. Nc3 Bg7 5. Bc4 Nc6 6. d3 e6 7. Nf3 Nge7 8. Bg5 f6 9. Bf4 d5 10. Ba2 d4 11. Ne2 e5 12. Bd2 Qd6 13. c4 a5 14. Bb3 O-O 15. Ba4 Kh7 16. Bxc6 Nxc6 17. Qc2 Be6 18. a4 Bh6 19. Bxh6 Kxh6 20. O-O-O Nb4 21.
Qd2+ Kg7 22. Nh2 b5 23. cxb5 Bb3 24. g4 Rh8 25. gxh5 Rxh5 26. Ng3 Rh7 27. Rdg1 Kh8 28. h5 c4 29. hxg6 Nxd3+ 30. Kb1 Nxb2 31. Ng4 Ra7 32. Nf5 Qa3 33. Qxb2 Qxa4 34. Nxf6 Rxh1 35. Rxh1+ 1-0

[Event "Late-Titled-Tuesday-Blitz-May-14-2024"]
[Site "Chess.com"]
[Date "2024.05.14"]
[Round "2"]
[White "oskariot"]
[Black "Redzishchess"]
[Result "1-0"]
[WhiteElo "2764"]
[BlackElo "2506"]
[TimeControl "180+1"]
[EndTime "14:17:34 PDT"]
[Termination "oskariot won on time"]

1. e4 c5 2. Nf3 d6 3. d4 cxd4 4. Nxd4 Nf6 5. Nc3 g6 6. g3 Bg7 7. Bg2 O-O 8. O-O Nc6 9. Nde2 a6 10. a4 h5 11. h3 Be6 12. Nd5 Rc8 13. Be3 Bxd5 14.
exd5 Ne5 15. b3 Qa5 16. c4 Ned7 17. Nd4 Nc5 18. Rb1 Nce4 19. Qc2 Nc3 20. b4 Nxb1 21.
bxa5 Na3 22. Qd3 Nxc4 23. Bg5 Nd7 24. Bxe7 Rfe8 25. Bg5 Nde5 26. Qd1 Nxa5 27. Nf3 1-0

[Event "Late-Titled-Tuesday-Blitz-May-14-2024"]
[Site "Chess.com"]
[Date "2024.05.14"]
[Round "2"]
[White "Ramil_Faizrakhmanov"]
[Black "DIMONBANAN"]
[Result "0-1"]
[WhiteElo "2867"]
[BlackElo "2619"]
[TimeControl "180+1"]
[EndTime "14:17:37 PDT"]
[Termination "DIMONBANAN won on time"]

1. d4 d5 2. c4 e6 3. Nc3 Be7 4. cxd5 exd5 5. Bf4 c6 6. e3 Nf6 7. Bd3 Bg4 8. Nge2 Bh5 9. O-O Bg6 10. Bxg6 hxg6 11. Rb1 Bd6 12. b4 g5 13. Bxd6 Qxd6 14. Ng3 a6 15. a4 Nbd7 16. b5 cxb5 17. axb5 a5 18. h3 O-O 19. Qf3 Nb6 20. Qf5 Rfc8 21. Rfc1 Nc4 22. Qxg5 Nd2 23. Nf5 Qf8 24. Rb2 Nde4 25.
Nxe4 Rxc1+ 26. Kh2 dxe4 27. d5 Rd8 28. Rd2 Nh7 29. Nh6+ Kh8 30. Qxd8 gxh6 31. Qxa5 Qd6+ 32. g3 Ng5 33. Kg2 Nf3 34. h4 Rg1+ 35. Kh3 Qd7+ 0-1

[Event "Late-Titled-Tuesday-Blitz-May-14-2024"]
[Site "Chess.com"]
[Date "2024.05.14"]
[Round "2"]
[White "OK97"]
[Black "joksijoksi"]
[Result "1-0"]
[WhiteElo "2886"]
[BlackElo "2516"]
[TimeControl "180+1"]
[EndTime "14:17:37 PDT"]
[Termination "OK97 won by resignation"]

1. d4 d5 2. Nf3 Nf6 3. e3 Bf5 4. c4 c6 5. cxd5 cxd5 6. Qb3 Nbd7 7. Nc3 e6 8. Qxb7 Rb8 9. Qa6 Bb4 10. Bd2 O-O 11.
Be2 Ne4 12. O-O Nb6 13. Nxe4 dxe4 14. Bxb4 exf3 15. Bxf3 Re8 16. Rac1 Qg5 17. Bd6 Rbd8 18. Bf4 Qg6 19. Qxa7 Nd5 20. Bg3 h5 21. Rfe1 Ra8 22. Qc5 Bg4 23. Bxg4 Qxg4 24. h3 Qg6 25. a3 Nf6 26.
Qc2 Ne4 27. Bf4 f5 28. f3 Nf6 29. Qf2 Nd5 30. Be5 Nb6 31. Rc7 1-0

[Event "Late-Titled-Tuesday-Blitz-May-14-2024"]
[Site "Chess.com"]
[Date "2024.05.14"]
[Round "2"]
[White "ahkashefi2800"]
[Black "miraitrunks"]
[Result "1-0"]
[WhiteElo "2599"]
[BlackElo "2254"]
[TimeControl "180+1"]
[EndTime "14:17:37 PDT"]
[Termination "ahkashefi2800 won by resignation"]

1. d4 Nf6 2. Nf3 g6 3. g3 Bg7 4.
Bg2 O-O 5. O-O d6 6. b3 Nbd7 7. Bb2 b6 8. Ne5 d5 9. c4 e6 10. Nc6 Qe8 11. Ba3 Bb7 12. Bxf8 Bxf8 13. Ne5 Nxe5 14.
dxe5 Ne4 15. Qc2 Bc5 16. Nd2 Qc6 17. Nxe4 dxe4 18. e3 Rd8 19. Rad1 Rxd1 20. Rxd1 b5 21. cxb5 Qxb5 22. Bxe4 Bxe4 23. Qxe4 Qe2 24. Rd8+ Kg7 25. Kg2 Qxa2 26. Qc6 Bxe3 27. Qf3 Bg5 28. Rd7 Kh6 29. h4 Bc1 30. Qxf7 Kh5 31. Qxh7+ Bh6 32. g4+ Kxg4 33. Qxg6+ 1-0

[Event "Late-Titled-Tuesday-Blitz-May-14-2024"]
[Site "Chess.com"]
[Date "2024.05.14"]
[Round "2"]
[White "english_player_89"]
[Black "IlyaGrigorjev"]
[Result "0-1"]
[WhiteElo "2603"]
[BlackElo "2877"]
[TimeControl "180+1"]
[EndTime "14:17:38 PDT"]
[Termination "IlyaGrigorjev won by resignation"]

1. e4 e5 2. Nf3 Nc6 3. Bc4 Bc5 4.
d3 Nf6 5. Bb3 d6 6. c3 h6 7.
Nbd2 O-O 8. h3 a6 9. g4 Nh7 10. Rg1 Be6 11. Nc4 d5 12. Ncxe5 Nxe5 13. Nxe5 dxe4 14.
d4 Bd6 15. Bf4 Bxe5 16. dxe5 Bxb3 17. axb3 Ng5 18. Qxd8 Raxd8 19. Bxg5 hxg5 20. Ra4 e3 21. fxe3 Rfe8 22. Rd4 c5 23. Rxd8 Rxd8 24. Rf1 Kf8 25. Rf5 Ke7 26. e6 Kxe6 27. Rxg5 Rh8 28. Rh5 Rxh5 29.
gxh5 Ke5 30. Kf2 Ke4 31. Ke2 b5 32. Kd2 c4 33. bxc4 bxc4 34. Kc2 Kxe3 35. b3 cxb3+ 36. Kxb3 f5 37. c4 Kd4 38. Kb4 f4 39. c5 Kd5 40. Kc3 Kxc5 41. Kd3 Kd5 0-1

[Event "Late-Titled-Tuesday-Blitz-May-14-2024"]
[Site "Chess.com"]
[Date "2024.05.14"]
[Round "2"]
[White "ReadySkate"]
[Black "laskakid"]
[Result "1-0"]
[WhiteElo "2739"]
[BlackElo "2395"]
[TimeControl "180+1"]
[EndTime "14:17:38 PDT"]
[Termination "ReadySkate won on time"]

1. d4 f5 2. Nc3 Nf6 3. Bg5 d5 4. f3 e6 5. e4 Be7 6. e5 Nfd7 7. Bxe7 Qxe7 8. f4 b6 9. Nf3 Ba6 10. Bxa6 Nxa6 11. Qe2 Nab8 12. O-O O-O 13. Nd1 c5 14. c4 dxc4 15. Qxc4 Nc6 16. d5 Na5 17. Qd3 c4 18.
Qd4 Nc5 19. d6 Qd7 20. Ne3 Nd3 21. Nxc4 Nxc4 22. Qxc4 Nxb2 23. Qb3 Na4 24. Nd4 Nc5 25. Qc4 Rac8 26. Rac1 g6 27. a3 Kf7 28. Qa2 Qa4 29.
Rc4 Qd7 30. g4 Ne4 31. gxf5 gxf5 32. Rfc1 Rg8+ 33. Kf1 Rxc4 34. Rxc4 Rc8 35. Kg2 Rxc4 36. Qxc4 Kg8 37. Qc7 Nc5 38. Qxd7 Nxd7 39. Nxe6 Kf7 40.
Nd4 Ke8 41. Nxf5 Nc5 42. Nd4 Kd7 43. Kf3 Nd3 44. Ke4 Nb2 45. Kd5 Nd3 46. e6+ Ke8 47. f5 Nf4+ 48. Kc6 1-0

[Event "Late-Titled-Tuesday-Blitz-May-14-2024"]
[Site "Chess.com"]
[Date "2024.05.14"]
[Round "2"]
[White "NovakCabarkapa"]
[Black "Kozok"]
[Result "1-0"]
[WhiteElo "2750"]
[BlackElo "2412"]
[TimeControl "180+1"]
[EndTime "14:17:40 PDT"]
[Termination "NovakCabarkapa won by checkmate"]

1. d4 Nf6 2. Nc3 d5 3. Bf4 e6 4. e3 c5 5. Nb5 Na6 6. c3 Be7 7. a4 O-O 8. Bd3 Bd7 9. Nf3 Qb6 10. Ne5 Be8 11. g4 c4 12. Bc2 Bxb5 13. axb5 Qxb5 14.
Qb1 Rad8 15. f3 g6 16. h4 Qb6 17. h5 gxh5 18. g5 Nd7 19. Rxh5 f5 20. gxf6 Nxf6 21.
Bxh7+ Kg7 22. Qg6+ Kh8 23. Bh6 Nxh5 24. Bg8 Bh4+ 25. Kd1 Qc7 26. Bf7 Rxf7 27. Nxf7+ Qxf7 28. Qxf7 Rg8 29. Qxh5 Rg1+ 30. Ke2 Rxa1 31. Qg6 Bf6 32. Qxf6+ Kh7 33. Qg7# 1-0

[Event "Late-Titled-Tuesday-Blitz-May-14-2024"]
[Site "Chess.com"]
[Date "2024.05.14"]
[Round "2"]
[White "rhwr"]
[Black "kinga2008"]
[Result "0-1"]
[WhiteElo "2320"]
[BlackElo "2533"]
[TimeControl "180+1"]
[EndTime "14:17:42 PDT"]
[Termination "kinga2008 won by checkmate"]

1. e4 c5 2. Be2 e6 3. Nf3 d5 4. d3 Nf6 5. e5 Nfd7 6. c3 Nc6 7.
d4 Be7 8. O-O O-O 9. a3 cxd4 10.
cxd4 f6 11. exf6 Bxf6 12. b4 e5 13. dxe5 Ndxe5 14. Ra2 Nxf3+ 15. Bxf3 Be6 16. Re2 Bf7 17.
Bb2 d4 18. Bxc6 bxc6 19. Rd2 Bc4 20. Bxd4 Bxf1 21. Bc5 Qe8 22. Bxf8 Bxg2 23. Bxg7 Bf3 24. Qxf3 Qg6+ 25. Kf1 Bxg7 26. Nc3 Rf8 27. Qd3 Qh5 28. Qg3 Kh8 29. Ne4 Be5 30. Qg2 Bf4 31. Rd7 Qe5 32.
Ke2 Qb2+ 33. Nd2 Re8+ 34. Kd1 Bxd2 35. Rxd2 Qb1# 0-1

[Event "Late-Titled-Tuesday-Blitz-May-14-2024"]
[Site "Chess.com"]
[Date "2024.05.14"]
[Round "2"]
[White "XeresLt"]
[Black "CixPer1968"]
[Result "1-0"]
[WhiteElo "2477"]
[BlackElo "2192"]
[TimeControl "180+1"]
[EndTime "14:17:42 PDT"]
[Termination "XeresLt won on time"]

1. e4 c5 2. Nf3 d6 3. d4 cxd4 4. Nxd4 Nf6 5. Nc3 g6 6. Be3 Bg7 7. Bc4 O-O 8. f3 Nc6 9. Qd2 Bd7 10. h4 Rb8 11. h5 Ne5 12. Bb3 b5 13. hxg6 hxg6 14.
Bh6 Bh8 15. Bxf8 Qxf8 16. O-O-O Nc4 17. Qg5 Bg7 18. Nd5 Nxd5 19. exd5 a5 20. Qh4 f5 21. c3 a4 22. Bxc4 bxc4 23. a3 Qf6 24. Ne6 Bxe6 25. Qxf6 Bxf6 26. dxe6 Bg5+ 27. Kc2 Rb3 28. Rd5 Kg7 29.
g4 fxg4 30. Rxg5 gxf3 31. Rg3 d5 32. Rxf3 d4 33. Rf7+ Kg8 34. cxd4 Re3 35. Rxe7 1-0

[Event "Late-Titled-Tuesday-Blitz-May-14-2024"]
[Site "Chess.com"]
[Date "2024.05.14"]
[Round "2"]
[White "Rutricks"]
[Black "TigrVShlyape"]
[Result "0-1"]
[WhiteElo "2649"]
[BlackElo "2954"]
[TimeControl "180+1"]
[EndTime "14:17:45 PDT"]
[Termination "TigrVShlyape won by resignation"]

1. c4 f5 2. g3 Nf6 3. Bg2 g6 4. Nf3 Bg7 5. d4 O-O 6. Nc3 c6 7. d5 d6 8. O-O e5 9. e4 c5 10.
exf5 gxf5 11. Ng5 Qe7 12. Re1 Na6 13. Ne6 Bxe6 14. dxe6 Rab8 15. Qa4 Qxe6 16. Bxb7 Rxb7 17. Qxa6 Rb4 18. b3 f4 19. Bxf4 Qh3 20. Qxd6 exf4 21.
Qe6+ Qxe6 22. Rxe6 Rb6 23. Rxb6 axb6 24. Rd1 fxg3 25.
hxg3 Ng4 26. Ne4 Bd4 27. Rd2 Re8 28. Nd6 Re1+ 29. Kg2 Bxf2 30. Kf3 h5 31. Re2 Rxe2 32. Kxe2 Bxg3 33. Nc8 Bc7 34. Ne7+ Kf7 35. Nd5 Bd8 36. Kf3 Nf6 37. Nf4 Bc7 38. Nh3 Kg6 39. a3 Kf5 40. b4 Ne4 41. bxc5 Nxc5 42. Nf2 Be5 43. Nd1 Bd4 0-1

[Event "Late-Titled-Tuesday-Blitz-May-14-2024"]
[Site "Chess.com"]
[Date "2024.05.14"]
[Round "2"]
[White "jinxy2009"]
[Black "balack95"]
[Result "1-0"]
[WhiteElo "2308"]
[BlackElo "2505"]
[TimeControl "180+1"]
[EndTime "14:17:45 PDT"]
[Termination "jinxy2009 won by resignation"]

1. e4 d5 2. exd5 Qxd5 3. Nc3 Qe5+ 4. Be2 c6 5. Nf3 Qc7 6. d4 Bg4 7. O-O e6 8. h3 Bxf3 9. Bxf3 Nf6 10. Bg5 Nbd7 11.
Qd2 Bd6 12. Rad1 h6 13. Be3 Nd5 14. Nxd5 exd5 15. c4 dxc4 16. d5 c5 17. Qc3 Ne5 18. Be2 O-O 19. Bxc4 Nxc4 20. Qxc4 b5 21. Qh4 Rfe8 22.
Rfe1 c4 23. Bd4 Bc5 24. Qg4 Bxd4 25. Qxd4 Qd7 26. d6 Rxe1+ 27. Rxe1 Rd8 28. Re7 Qxd6 29.
Re8+ Rxe8 30. Qxd6 a6 31. Qxa6 Re5 32. a4 bxa4 33. Qxc4 Ra5 34. g3 a3 35. bxa3 Rxa3 36. Kg2 Ra8 37. h4 h5 38. Qd5 Re8 39. Qxh5 Re6 40. Qf3 g6 41. Kh3 Kg7 42. h5 gxh5 43. Qxh5 Rh6 44. Kg4 Rxh5 45. Kxh5 Kf6 46. Kg4 Ke5 47.
Kg5 Ke6 48. Kf4 Kf6 49. f3 Kg6 50. Ke5 Kg5 51. g4 Kg6 52. Kf4 Kf6 53. g5+ Kg6 54.
Kg4 Kh7 55. Kf5 Kg7 56. f4 f6 57. g6 1-0

[Event "Late-Titled-Tuesday-Blitz-May-14-2024"]
[Site "Chess.com"]
[Date "2024.05.14"]
[Round "2"]
[White "Franmu14"]
[Black "frederiksvane"]
[Result "0-1"]
[WhiteElo "2652"]
[BlackElo "2958"]
[TimeControl "180+1"]
[EndTime "14:17:46 PDT"]
[Termination "frederiksvane won by resignation"]

1. e4 c5 2. Nc3 e6 3. d4 cxd4 4. Qxd4 Nc6 5. Qe3 Be7 6. b3 a6 7. Bb2 Nf6 8. O-O-O d6 9. f4 Qc7 10. h3 b5 11. Bd3 Bb7 12. Nge2 O-O 13. g4 Rfc8 14.
g5 Nd7 15. Kb1 Nc5 16. Rc1 b4 17. Nd5 exd5 18. exd5 Na7 19. Qd4 Bf8 20. Ng3 Qd8 21. Nf5 Nxd3 22. Nh6+ Kh8 23. Nxf7+ Kg8 24. Nxd8 Nxc1 25.
Nxb7 Ne2 26. Qe3 Re8 27. Qf3 Nb5 28. Na5 Nbc3+ 29. Bxc3 Nxc3+ 30. Kc1 g6 31. f5 gxf5 32. Qxf5 Ne2+ 33. Kd2 Ng3 34. Qf3 Nxh1 35. Qxh1 Re5 36.
h4 Rae8 37. Qf3 Re4 38. Nc4 Rd4+ 39. Kc1 Re1+ 40. Kb2 Bg7 41. c3 bxc3+ 42. Ka3 c2 0-1

[Event "Late-Titled-Tuesday-Blitz-May-14-2024"]
[Site "Chess.com"]
[Date "2024.05.14"]
[Round "2"]
[White "familijatop71"]
[Black "doublesik"]
[Result "0-1"]
[WhiteElo "2314"]
[BlackElo "2529"]
[TimeControl "180+1"]
[EndTime "14:17:46 PDT"]
[Termination "doublesik won by checkmate"]

1. e4 c5 2. c3 d5 3. exd5 Qxd5 4. Nf3 Nf6 5. Na3 Nc6 6. Be2 Bg4 7. Qa4 e6 8. Nc4 Rc8 9. Ne3 Qh5 10. h3 Bxf3 11.
Bxf3 Qg6 12. Bxc6+ bxc6 13. O-O Bd6 14. Qxa7 O-O 15. Nc4 Ra8 16. Qb7 Qd3 17. Nxd6 Qxd6 18. Qb3 Qd3 19. Re1 c4 20. Qb7 Rfc8 21. a4 Nd5 22. a5 Nf4 23. a6 Qd5 24. f3 Qg5 25. g4 Qh4 26. d4 Qg3+ 27. Kf1 Qg2# 0-1

[Event "Late-Titled-Tuesday-Blitz-May-14-2024"]
[Site "Chess.com"]
[Date "2024.05.14"]
[Round "2"]
[White "Caracal3000"]
[Black "ameetghasi100"]
[Result "0-1"]
[WhiteElo "2539"]
[BlackElo "2769"]
[TimeControl "180+1"]
[EndTime "14:17:47 PDT"]
[Termination "ameetghasi100 won by checkmate"]

1. e4 g6 2. d4 d6 3. Nc3 c6 4. Nf3 Bg7 5. Bc4 Nf6 6. a4 O-O 7. O-O Bg4 8. h3 Bxf3 9. Qxf3 Nbd7 10. Bb3 e5 11. dxe5 dxe5 12. Be3 Qe7 13. Rfd1 Nc5 14. Bc4 Rfd8 15. b3 a5 16. Rxd8+ Rxd8 17. Bxc5 Qxc5 18.
Rd1 Rd4 19. Rxd4 exd4 20. Ne2 b5 21. axb5 cxb5 22. Bd3 Nd7 23. e5 Nxe5 24. Qa8+ Bf8 25. Qxa5 Nxd3 26. cxd3 Qc2 27. Nxd4 Qc1+ 28. Kh2 Qf4+ 29.
Kg1 Qxd4 30. Qxb5 Bc5 31. Qe8+ Kg7 32. Qe2 Qc3 33. g3 Bd4 34. Qd1 Qb2 35. Qf3 Qxb3 36.
Kg2 Qb2 37. h4 h6 38. h5 g5 39. Qf5 Qe2 40. Qe4 Qxf2+ 41. Kh3 Qf6 42. g4 Bb6 43. Qd5 Qf1+ 44. Kh2 Bc7+ 45. Qe5+ Bxe5# 0-1